 Dungeon Crawl Stone Soup version 0.23.2-33-g5129a83184 (webtiles) character file.

Game seed: 12528371516112964107

49 DildoBatman the Magician (level 4, -1/30 HPs)
             Began as a Formicid Wizard on July 9, 2019.
             Slain by an orc priest
             ... wielding a +0 dagger
              (5 damage)
             ... on level 3 of the Dungeon.
             The game lasted 00:03:20 (1086 turns).

DildoBatman the Magician (Formicid Wizard)          Turns: 1086, Time: 00:03:21

Health: -1/30      AC:  2    Str: 12    XL:     4   Next: 2%
Magic:  4/8        EV: 12    Int: 18    God:
Gold:   38         SH:  0    Dex:  9    Spells: 2/9 levels left

rFire    . . .     SeeInvis +   a - +1 whip (venom)
rCold    . . .     Gourm    .   (no shield)
rNeg     . . .     Faith    .   k - +0 robe
rPois    .         Spirit   .   (helmet unavailable)
rElec    .         Reflect  .   (no cloak)
rCorr    .         Harm     .   (no gloves)
MR       .....                  d - -1 pair of boots (curse)
Stlth    ++........             (no amulet)
HPRegen  0.10/turn              (no ring)
MPRegen  0.11/turn              (no ring)

@: lethally poisoned (-1 -> -2)
A: permanent stasis, dig shafts and tunnels, four strong arms, antennae 3
a: Dig, Shaft Self


You were on level 3 of the Dungeon.
You were not hungry.

You visited 1 branch of the dungeon, and saw 3 of its levels.

You collected 38 gold pieces.

Inventory:

Hand Weapons
 a - a +1 whip of venom (weapon)
Missiles
 g - 42 stones (quivered)
Armour
 d - a cursed -1 pair of boots (worn)
 k - a +0 robe (worn)
Scrolls
 e - a scroll of remove curse {unknown}
 h - a scroll of fear {unknown}
 i - 4 scrolls of identify {unknown}
 j - 2 scrolls of immolation {unknown}
Potions
 f - 2 potions of lignification {unknown}
Comestibles
 b - 2 chunks of flesh
 v - 3 rations


   Skills:
 - Level 1.7 Dodging
 - Level 2.4 Stealth
 - Level 3.2 Spellcasting
 * Level 3.2 Conjurations
   Level 1.0 Summonings
   Level 0.8 Translocations


You had 2 spell levels left.
You knew the following spells:

 Your Spells              Type           Power        Failure   Level  Hunger
a - Conjure Flame         Conj/Fire      #.......     24%         3    ###....
c - Magic Dart            Conj           ##..         4%          1    None
e - Mephitic Cloud        Conj/Pois/Air  #.......     30%         3    ###....

Your spell library contained the following spells:

 Spells                   Type           Power        Failure   Level  Hunger
 Call Imp                 Summ           #.......     16%         2    ##.....
 Slow                     Hex            #.......     24%         2    ##.....
 Blink                    Tloc           Unusable     N/A         2    N/A

Dungeon Overview and Level Annotations

Branches:
Dungeon (2/15)

Altars:
Uskayaw


Innate Abilities, Weirdness & Mutations

You cannot be hasted, slowed, berserked, paralysed or teleported.
You can dig through walls and to a lower floor.
Your four strong arms can wield two-handed weapons with a shield.
You have a pair of large antennae on your head. (SInv)


Message History

g - Guard the area. f - Follow me.
Anything else - Cancel.
You shout for attention!
The bat hits you but does no damage.
The orc priest mumbles some strange prayers to Beogh against you.
Pain shoots through your body!
The giant cockroach bites you but does no damage.
The kobold barely misses you. The orc barely misses you.
What are your orders? t - Shout!
Orders for allies: a - Attack new target. r - Retreat! s - Stop attacking. g - Guard the area. f - Follow me.
Anything else - Cancel.
You shout for attention!
The bat closely misses you. The giant cockroach barely misses you.
The orc priest hits you with a +0 dagger.
You die...

...##########
.?..........#
.>..........#
#..........###
#............
#....(.....#
##....oKo[.##
#.....@l....#
......bso....#
.........#o....
.......... ###.
....######. {
###. .( . ## #


You could see an orc priest, 3 orcs, a leopard gecko, a giant cockroach, a bat
and a kobold.

Vanquished Creatures
  2 adders (D:2)
  2 dart slugs
  A leopard gecko (D:1)
  A ball python (D:1)
  A bat (D:1)
  3 hobgoblins
  6 jackals (D:1)
  2 kobolds (D:1)
  3 frilled lizards (D:1)
  A goblin (D:1)
  2 rats (D:1)
24 creatures vanquished.

Notes
Turn   | Place    | Note
-------+----------+-------------------------------------------
     0 | D:1      | DildoBatman the Formicid Wizard began the quest for the
                  | Orb.
     0 | D:1      | Reached XP level 1. HP: 13/13 MP: 4/4
    37 | D:1      | Reached skill level 1 in Conjurations
   145 | D:1      | Reached XP level 2. HP: 19/19 MP: 4/6
   546 | D:1      | Reached XP level 3. HP: 22/24 MP: 4/7
   551 | D:1      | Learned a level 3 spell: Conjure Flame
   555 | D:1      | Learned a level 3 spell: Mephitic Cloud
   697 | D:1      | Found a hide-covered altar of Uskayaw.
  1070 | D:2      | Reached XP level 4. HP: 20/30 MP: 2/8
  1078 | D:2      | You fall through a shaft!
  1086 | D:3      | Slain by an orc priest

Skill      XL: |  1  2  3 |
---------------+----------+-----
Conjurations   | 1 2 3 |  3.2
Dodging        | |  1.7
Stealth        | |  2.4
Spellcasting   | |  3.2
Summonings     | |  1.0
Translocations | |  0.8

Action                   |  1- 3 |  4- 6 || total
-------------------------+-------+-------++-------
Melee: Club              |    13 |       ||    13
       Whip              |     2 |       ||     2
 Cast: Magic Dart        |    61 |     1 ||    62
 Abil: Dig               |     5 |       ||     5
  Eat: Chunk             |     1 |       ||     1
Armor: Robe              |     6 |     5 ||    11
Dodge: Dodged            |    29 |    11 ||    40
